 Dungeon Sprint DCSS version 0.29-a0-337-g68df138881 (webtiles) character file.

Game seed: 13534628961669300803

165 mhtbhm the Skirmisher (level 5, -3/52 HPs)
             Began as a Minotaur Fighter on Apr 16, 2022.
             Slain by a hellwing (12 damage)
             ... summoned by a kobold demonologist
             ... in the Dungeon (Sprint III: "The Ten Rune Challenge").
             The game lasted 00:00:32 (273 turns).

mhtbhm the Skirmisher (Minotaur Fighter)             Turns: 273, Time: 00:00:33

Health: -3/52      AC:  8    Str: 23    XL:     5   Next: 21%
Magic:  4/4        EV:  9    Int:  5    God:
Gold:   22         SH:  5    Dex:  9    Spells: 4/4 levels left

rFire   . . .      SeeInvis .   a - +0 war axe
rCold   . . .      Faith    .   c - +0 buckler
rNeg    . . .      Spirit   .   b - +0 scale mail
rPois   .          Reflect  .   (helmet restricted)
rElec   .          Harm     .   (no cloak)
rCorr   .          Rampage  .   (no gloves)
Will    .....      NoTele   +   (no boots)
Stlth   ..........              (no amulet)
HPRegen 0.17/turn               (no ring)
MPRegen 0.09/turn               (no ring)

@: mighty, spiked, hasted, very quick
A: horns 2, retaliatory headbutt
a: no special abilities


You were in the Dungeon.
You visited 1 branch You collected 22 gold pieces.

Inventory:

Hand Weapons
 a - a +0 war axe (weapon)
Armour
 b - a +0 scale mail (worn)
 c - a +0 buckler (worn)
Scrolls
 j - a scroll of blinking
 k - a scroll of enchant armour {unknown}
 l - 2 scrolls of holy word {unknown}
 m - 3 scrolls of identify
Potions
 e - a potion of curing
 h - 2 potions of magic
 i - 4 potions of mutation {unknown}
 n - 3 potions of flight


   Skills:
 + Level 7.5 Fighting
 + Level 6.4 Axes
 + Level 7.5 Armour
 + Level 0.5 Dodging
 + Level 7.2 Shields


You had 4 spell levels left.
You didn't know any spells.
Your spell library was empty.

Dungeon Overview and Level Annotations

Branches:
Dungeon (1/1)

Altars:
Kikubaaqudgha
Sif Muna
Vehumet


Innate Abilities, Weirdness & Mutations

You have a pair of horns on your head.
You reflexively headbutt those who attack you in melee.


Message History

The wizard gestures at you while chanting.
The kobold demonologist casts a spell.
You barely miss the wizard. The wizard casts a spell at you.
You slash the wizard! You headbutt the wizard.
You kill the wizard!
The kobold demonologist begins to cast a cantrip, but forgets the words!
The kobold demonologist casts a spell.
Your Axes skill increases to level 6!
Your Shields skill increases to level 7!
You barely miss the hellwing. The hellwing barely misses you. x2
Unknown command.
You closely miss the hellwing. The hellwing hits you!
The hellwing barely misses you.
The red devil hits you but does no damage.
The hellwing hits you but does no damage.
You block the hellwing's attack.
You slash the hellwing! Your headbutt misses the hellwing.
The hellwing is moderately wounded.
The kobold demonologist casts a spell.
The red devil hits you from afar with a +0 trident!
* * * LOW HITPOINT WARNING * * *
Barbed spikes become lodged in your body.
The hellwing hits you.
* * * LOW HITPOINT WARNING * * *
The hellwing barely misses you.
You feel much better. The red devil barely misses you. The hellwing hits you!
The hellwing hits you but does no damage.
The crimson imp blinks!
You feel yourself speed up.
The red devil hits you from afar with a +0 trident!
* * * LOW HITPOINT WARNING * * *
Barbed spikes become lodged in your body.
The hellwing hits you but does no damage. x2
The crimson imp blinks!
The shadow imp shouts, "Flee, thou simpering toenail-biting veal!"
You closely miss the hellwing.
The hellwing is lightly wounded.
The red devil closely misses you. The hellwing hits you!
You die...

.#...#### ##.#
.#......#####..#
##...†...#..#..#
.##.##...#..#..###+#+###+
.##.###..##'#..#.§.......
####.##..###...'.⌠.......
##..##..####...#...######
....##..###....#.⌠.#
#..##...##.....#@..#
..##....#......#4###
.###..##.#.....#K4 .# #..
####....#5__ ▓▓ ▓▓▓
▓▓▓▓▓▓▓▓▓▓


You could see a hellwing (summoned), a kobold demonologist, a red devil
(summoned) and a shadow imp (summoned).

Vanquished Creatures
  A scorpion (D)
  A water elemental (D)
  A wizard (D)
  A human (D)
  2 endoplasms (D)
  2 rats (D)
8 creatures vanquished.

Notes
Turn   | Place    | Note
-------+----------+-------------------------------------------
     0 | D        | mhtbhm the Minotaur Fighter began the quest for the Orb.
     0 | D        | Reached XP level 1. HP: 19/19 MP: 0/0
    89 | D        | Noticed a scorpion
    98 | D        | Killed a scorpion
    99 | D        | Reached skill level 5 in Shields
    99 | D        | Reached XP level 2. HP: 30/30 MP: 1/1
    99 | D        | Reached XP level 3. HP: 37/37 MP: 2/2
   109 | D        | Reached XP level 4. HP: 42/45 MP: 3/3
   248 | D        | Noticed a water elemental
   254 | D        | Killed a water elemental
   255 | D        | Reached skill level 5 in Axes
   255 | D        | Reached XP level 5. HP: 31/52 MP: 4/4
   264 | D        | Found a radiant altar of Vehumet.
   264 | D        | Found a shimmering blue altar of Sif Muna.
   264 | D        | Found an ancient bone altar of Kikubaaqudgha.
   266 | D        | Noticed a hellwing
   268 | D        | Noticed a red devil
   273 | D        | Slain by a hellwing

Illustrated notes

Levels and vault maps discovered:
D:        dungeon_sprint_mu [sprint_mu_entry_cave, sprint_mu_temple_rooms,
          sprint_mu_d1_spiders, sprint_mu_d2_genie, sprint_mu_d3_branching,
          sprint_mu_orc_legion, sprint_mu_elf_gauntlet, sprint_mu_hive_nellie,
          sprint_mu_lair_fedhas, sprint_mu_vaults_butterflies,
          sprint_mu_slime_circle, sprint_mu_shoals_archi,
          sprint_mu_snake_twists, sprint_mu_blade_basic, sprint_mu_crypt_lich,
          sprint_mu_tomb_spiral, sprint_mu_vestibule_basic,
          sprint_mu_gehenna_hellfire, sprint_mu_dis_giant,
          sprint_mu_tartarus_statrot, sprint_mu_cocytus_islands, sprint_mu_zot1]

Skill      XL: |  1  2  3  4  5 |
---------------+----------------+-----
Fighting       | 6 7 |  7.5
Armour         | 6 7 |  7.5
Shields        | 5 6 7 |  7.2
Axes           | 4 5 6 |  6.4
Dodging        | |  0.5

Action                   |  1- 3 |  4- 6 || total
-------------------------+-------+-------++-------
Melee: War axe           |    23 |    10 ||    33
       Headbutt          |     1 |     2 ||     3
  Use: Potion            |     1 |     3 ||     4
Armor: Scale mail        |     5 |     5 ||    10
Dodge: Dodged            |    10 |     6 ||    16
Block: Buckler           |     6 |     1 ||     7

Table legend: (Time is in decaauts)
 A = Elapsed time spent in this place.
 B = Non-inter-level travel time spent in this place.
 C = Inter-level travel time spent in this place.
 D = Time resting spent in this place.
 E = Time spent auto-exploring this place.
 F = Levels seen in this place.
 G = Mean time per level.
                   A        B        C        D        E       F      G
               +--------+--------+--------+--------+--------+-----+--------+
         Total |    287 |    287 |      0 |    118 |     71 |   1 |  287.0 |
       Dungeon |    287 |    287 |      0 |    118 |     71 |   1 |  287.0 |
               +--------+--------+--------+--------+--------+-----+--------+

Top non-repeatable levels by time:
       D: 287 daAuts
